 Dungeon Crawl Stone Soup version 0.31-a0-1091-g283494c966 (webtiles) character file.

Game seed: 10318838190938427230

4315 Dirtsage the Mimic (level 10, -7/69 HPs)
             Began as an Octopode Shapeshifter on Nov 28, 2023.
             Was an Initiate of Gozag.
             Mangled by a two-headed ogre
             ... wielding a +0 giant club
              (12 damage)
             ... on level 8 of the Dungeon.
             The game lasted 00:16:13 (6101 turns).

Dirtsage the Mimic (Octopode Shapeshifter)          Turns: 6101, Time: 00:16:14

Health: -7/69      AC:  3    Str: 22    XL:     10   Next: 33%
Magic:  10/10      EV: 13    Int: 12    God:    Gozag
Gold:   565        SH:  0    Dex: 10    Spells: 6/9 levels left

rFire   . . .        w - melded +7 falchion of Doom {vamp, rCorr Str-3 SInv Stlth-}
rCold   . . .        (shield currently unavailable)
rNeg    . . .        (helmet restricted)
rPois   +            j - amulet of regeneration
rElec   .            P - ring of poison resistance
rCorr   .            n - ring of flight
SInv    .            (no ring)
Will    .....        (no ring)
Stlth   +            (no ring)
HPRegen 1.11/turn    (no ring)
MPRegen 0.12/turn    (no ring)
                     (no ring)

%: no passive effects
@: flux-form, flying, glowing
A: glow, contaminating, almost no armour, amphibious, 8 rings, camouflage 1,
gelatinous body 1, (nimble swimmer 1), tentacles, iridescent scales 1, strong 1
a: Begin Untransformation, Renounce Religion, Potion Petition, Call Merchant,
Bribe Branch


You were on level 8 of the Dungeon.
You worshipped Gozag.
Gozag was pleased with you.
You were something dangerously unstable.
You visited 2 branches of the dungeon, and saw 9 of its levels.
You also visited: Ossuary.

You collected 748 gold pieces.
You paid 183 gold pieces to Gozag.

Inventory:

Hand Weapons
 w - the +7 falchion of Doom (melded) {vamp, rCorr Str-3 SInv Stlth-}
   (You found it on level 4 of the Dungeon)

   Str-3:     It affects your strength (-3).
   SInv:      It lets you see invisible.
   rCorr:     It protects you from acid and corrosion.
   Stlth-:    It makes you less stealthy.
Magical Staves
 v - a staff of conjuration
Jewellery
 j - an amulet of regeneration (around mantle)
 n - a ring of flight (right tentacle)
 C - an amulet of reflection
 P - a ring of poison resistance (left tentacle)
Talismans
 b - a beast talisman
 c - a flux talisman (active)
Wands
 o - a wand of flame (10) (quivered)
Scrolls
 d - 2 scrolls of enchant armour
 e - 2 scrolls of amnesia
 g - 2 scrolls of fear
 i - a scroll of identify
 k - 2 scrolls of poison
 l - 4 scrolls of summoning
 p - 4 scrolls of immolation
 r - 12 scrolls of noise
 t - 3 scrolls of teleportation
 u - 3 scrolls of fog
 y - a scroll of revelation {unknown}
 D - a scroll of vulnerability {unknown}
 E - a scroll of acquirement {unknown}
Potions
 a - 5 potions of lignification
 f - 3 potions of heal wounds {unknown}
 h - 3 potions of haste
 m - 4 potions of mutation
 q - 8 potions of curing
 s - 2 potions of magic {unknown}
 x - a potion of experience
 z - 2 potions of invisibility {unknown}
 A - 2 potions of cancellation {unknown}
 B - a potion of resistance {unknown}


   Skills:
 + Level 6.7 Fighting
 - Level 2.0 Dodging
 + Level 7.3 Unarmed Combat
 + Level 5.9 Ice Magic
 * Level 9.3 Shapeshifting


You had 6 spell levels left.
You knew the following spells:

 Your Spells              Type           Power      Damage    Failure   Level
b - Frozen Ramparts       Ice            28%        1d5       9%          3

Your spell library contained the following spells:

 Spells                   Type           Power      Damage    Failure   Level
 Freeze                   Ice            56%        1d7       3%          1
 Hailstorm                Conj/Ice       7%         3d4       30%         3
 Foxfire                  Conj/Fire      0%         2x1d4     32%         1
 Plasma Beam              Fire/Air       0%         2x1d10    100%        6
 Starburst                Conj/Fire      0%         6d3       100%        6


Dungeon Overview and Level Annotations

Branches:
Dungeon (8/15)             Temple (1/1) D:7         Ossuary (visited)
   Lair: D:8-11

Altars:
Ashenzari
Cheibriados
Dithmenos
Elyvilon
Fedhas
Gozag
Hepliaklqana
Kikubaaqudgha
Makhleb
Nemelex Xobeh
Okawaru
Qazlal
Ru
Trog
Uskayaw
Vehumet
Wu Jian
Xom
Yredelemnul
Zin
The Shining One

Annotations:
D:3 4 runed translucent doors, Crazy Yiuf; Roalbala's ghost, weakling DrSh


Innate Abilities, Weirdness & Mutations

You are something dangerously unstable.
You glow with magical radiation, making you easy to see and hit.
Foes you strike become dangerously contaminated with magical radiation.
You are incapable of wielding weapons or throwing items.
You cannot wear most types of armour.
You are amphibious.
You can wear up to eight rings at the same time.
Your skin changes colour to match your surroundings (Stealth+).
Your rubbery body absorbs attacks. (AC +1, EV +1)
((You are camouflaged when in or above water. (Stealth+)))
You have tentacles for arms and can constrict up to eight enemies at once.
You are partially covered in iridescent scales. (AC +2)
Your muscles are strong. (Str +4, Int/Dex -1)


Message History

The orc wizard begins to glow.
Your grab misses the orc wizard. You tentacle-slap the orc wizard.
The orc wizard glows dangerously bright.
You grab the orc wizard.
The orc wizard is lightly wounded.
You constrict the orc wizard. The orc wizard barely misses you.
You tentacle-slap the orc wizard.
The orc wizard shudders as magic cascades through it!!
You kill the orc wizard!
You now have 538 gold pieces (gained 5).
Things that are here:
a +0 war axe; a +0 chain mail You now have 551 gold pieces (gained 13).
Things that are here:
a +0 dagger; a +0 robe; a +1 falchion of holy wrath
There is a stone staircase leading down here.
You reach down and open the door.
There is an open door here.
You now have 565 gold pieces (gained 14).
You reach down and open the door.
A two-headed ogre comes into view. It is wielding two +0 giant clubs.
Health restored: 69
Aiming: Throw Flame
Press: ? - help, Shift-Dir - straight line, f - two-headed ogre
Aim: a two-headed ogre, wielding two +0 giant clubs (85% to hit)
The puff of flame hits the two-headed ogre but does no damage.
You tentacle-slap the two-headed ogre.
The two-headed ogre begins to glow.
The two-headed ogre is lightly wounded.
The two-headed ogre hits you with a +0 giant club!
The two-headed ogre hits you with a +0 giant club!!
You take 33 damage, and have 36/69 hp.
MASSIVE DAMAGE!!
You tentacle-slap the two-headed ogre.
The two-headed ogre glows dangerously bright.
You squeeze the two-headed ogre.
The two-headed ogre is lightly wounded.
The two-headed ogre hits you with a +0 giant club!!
* * * LOW HITPOINT WARNING * * *
The two-headed ogre hits you with a +0 giant club!
You die...
Your body crumbles into a pile of gold.

## .. .# ###.#
#.#.#
####.#'#####
#..........#
##+##O......#
#....p......#
#...........#
#...........#
#.........###
#######'##.#####
.......>####
####..>.# #....#
####.#


You could see a two-headed ogre (heavy contam).

Vanquished Creatures
  2 hornets
  Prince Ribbit (D:5)
  5 water moccasins
  2 orc warriors
  An ice beast (D:6)
  3 ogres
  3 centaurs
  2 kobold brigands (D:7)
  2 phantoms
  Blork the orc (D:6)
  3 scorpions
  4 bullfrogs
  6 wights (D:6)
  2 howler monkeys (D:6)
  A centaur zombie (Ossuary)
  2 human zombies (Ossuary)
  2 jellies
  7 orc priests
  5 hounds
  Jessica (D:2)
  7 orc wizards
  Terence (D:2)
  2 sleepcaps
  Natasha (thrice) (D:2)
  An iguana (D:5)
  5 mummies (Ossuary)
  7 gnolls
  4 adders
  A shadow imp (D:4)
  2 white imps
  2 ufetubi (D:6)
  2 worms
  A dart slug (D:3)
  37 orcs
  13 ball pythons
  4 bats
  7 endoplasms
  A giant cockroach (D:4)
  4 goblins
  10 hobgoblins
  9 jackals
  23 kobolds
  3 quokkas (D:1)
  3 frilled lizards
  A gnoll zombie (Ossuary)
  A hobgoblin zombie (Ossuary)
  A kobold zombie (Ossuary)
  2 orc zombies (Ossuary)
  7 rats
219 creatures vanquished.

Notes
Turn   | Place    | Note
-------+----------+-------------------------------------------
     0 | D:1      | Dirtsage the Octopode Shapeshifter began the quest for the
                  | Orb.
     0 | D:1      | Reached XP level 1. HP: 13/13 MP: 1/1
    41 | D:1      | Reached XP level 2. HP: 16/18 MP: 2/2
   281 | D:1      | Reached XP level 3. HP: 15/23 MP: 3/3
   903 | D:2      | Noticed Jessica
   910 | D:2      | Killed Jessica
   911 | D:2      | Reached XP level 4. HP: 24/29 MP: 4/4
   941 | D:2      | Noticed Natasha
   948 | D:2      | Killed Natasha
   949 | D:2      | Reached skill level 4 in Shapeshifting
   990 | D:2      | Noticed Natasha
   998 | D:2      | Killed Natasha
   999 | D:2      | Reached XP level 5. HP: 27/35 MP: 5/5
  1118 | D:2      | Noticed Terence
  1127 | D:2      | Killed Terence
  1423 | D:2      | Noticed Natasha
  1429 | D:2      | Killed Natasha
  1602 | D:3      | Found a runed translucent door.
  1603 | D:3      | Noticed Crazy Yiuf
  1688 | D:3      | Learned a level 3 spell: Frozen Ramparts
  1762 | D:3      | Noticed Roalbala's ghost (weakling DrSh)
  1793 | D:3      | Found a runed translucent gate.
  1793 | D:3      | Found a runed translucent gate.
  1793 | D:3      | Found a runed translucent gate.
  1795 | D:3      | Noticed a centaur
  1803 | D:3      | Killed a centaur
  1804 | D:3      | Reached skill level 1 in Ice Magic
  1804 | D:3      | Reached XP level 6. HP: 36/42 MP: 6/6
  1828 | D:3      | Reached skill level 5 in Shapeshifting
  2542 | D:4      | Found a white marble altar of Elyvilon.
  2639 | D:3      | Reached XP level 7. HP: 42/46 MP: 7/7
  2787 | D:4      | Identified the +7 falchion of Doom {vamp, rCorr Str-3 SInv
                  | Stlth-}
  3284 | D:5      | Entered Level 5 of the Dungeon
  3565 | D:5      | Reached skill level 6 in Shapeshifting
  3601 | D:5      | Noticed Prince Ribbit
  3621 | D:5      | Found a sand-covered staircase.
  3630 | Ossuary  | Entered an ossuary
  3677 | Ossuary  | Reached skill level 5 in Unarmed Combat
  3679 | Ossuary  | Reached XP level 8. HP: 51/54 MP: 8/8
  3917 | D:5      | Killed Prince Ribbit
  4113 | D:5      | Gained mutation: Your muscles are strong. (Str +4, Int/Dex
                  | -1) [potion of mutation]
  4113 | D:5      | Gained mutation: You are partially covered in iridescent
                  | scales. (AC +2) [potion of mutation]
  4155 | D:5      | Reached skill level 7 in Shapeshifting
  4449 | D:6      | Reached skill level 5 in Fighting
  4449 | D:6      | Reached XP level 9. HP: 47/61 MP: 9/9
  4474 | D:6      | Noticed Blork the orc
  4480 | D:6      | Killed Blork the orc
  4733 | D:6      | Reached skill level 8 in Shapeshifting
  4969 | D:7      | Reached skill level 5 in Ice Magic
  5158 | D:7      | Found a staircase to the Ecumenical Temple.
  5184 | Temple   | Entered the Ecumenical Temple
  5216 | Temple   | Became a worshipper of Gozag Ym Sagoz the Greedy
  5292 | D:7      | Reached XP level 10. HP: 64/68 MP: 10/10
  5517 | D:7      | Found a hide-covered altar of Uskayaw.
  5519 | D:7      | Found an ancient bone altar of Kikubaaqudgha.
  5546 | D:7      | Paralysed by a hornet for 1 turns
  5549 | D:7      | Reached skill level 9 in Shapeshifting
  5585 | D:7      | Found a glowing golden altar of the Shining One.
  6096 | D:8      | Noticed a two-headed ogre
  6101 | D:8      | Mangled by a two-headed ogre

Illustrated notes

Levels and vault maps discovered:
D:1:      psy_arrival_terrarium, layout_rooms, serial_forest,
          infiniplex_forest_clump_tiny, infiniplex_forest_corner_1,
          infiniplex_forest_lined_room_2, infiniplex_forest_lined_corner,
          infiniplex_forest_pool, infiniplex_forest_clump_cross,
          infiniplex_forest_straight_2, infiniplex_forest_corner_1
D:2:      layout_basic, serial_rivers, chequers_serial_rivers_micro_e,
          chequers_serial_rivers_small_b, chequers_serial_rivers_large_b,
          chequers_serial_rivers_large_a, chequers_serial_rivers_micro_b,
          chequers_serial_rivers_room_b, uniq_jessica, uniq_natasha,
          uniq_terence
D:3:      layout_basic, gammafunk_ghost_icy, minmay_box_of_dots,
          uniq_crazy_yiuf_cottage
D:4:      layout_loops_ring, elyvilon_altar_5, minivault_24
D:5:      layout_basic, enter_ossuary_3, dk_noncrumbling_3,
          chequers_serial_rivers_micro_c, uniq_prince_ribbit1
D:6:      layout_cave_pools, uniq_blork_the_orc
D:7:      nicolae_BIG_FREAKIN_CUBE, layout_rooms, nicolae_tso_carved_into_rock,
          chequers_temple_overflow_statue_of_worship, minmay_temple_entry_arrows
D:8:      layout_basic
Temple:   bh_familiar_temple

Skill      XL: |  1  2  3  4  5  6  7  8  9 10 |
---------------+-------------------------------+-----
Fighting       | 2 3 4 5 6 |  6.7
Shapeshifting  | 4 5 6 7 8 9 |  9.3
Unarmed Combat | 4 5 6 7 |  7.3
Ice Magic      | 1 2 4 5 |  5.9
Dodging        | |  2.0

Action                     |  1- 3 |  4- 6 |  7- 9 | 10-12 || total
---------------------------+-------+-------+-------+-------++-------
  Melee: Unarmed           |    65 |   104 |    80 |    17 ||   266
         Constrict         |    19 |    28 |    64 |    13 ||   124
         Tentacles         |    14 |    22 |    56 |    13 ||   105
         Punch             |       |     4 |    16 |     1 ||    21
         Falchion          |       |       |   149 |    31 ||   180
  Evoke: Wand              |       |       |     7 |     1 ||     8
    Use: Scroll            |       |     3 |     6 |       ||     9
         Potion            |       |       |     3 |       ||     3
   Stab: Sleeping          |     3 |     5 |     1 |       ||     9
         Distracted        |       |       |       |     1 ||     1
 Armour: Skin              |    32 |    62 |   154 |    38 ||   286
  Dodge: Dodged            |    44 |    44 |   150 |    22 ||   260
   Form: Flux              |       |       |       |     1 ||     1

Table legend: (Time is in decaauts)
 A = Elapsed time spent in this place.
 B = Non-inter-level travel time spent in this place.
 C = Inter-level travel time spent in this place.
 D = Time resting spent in this place.
 E = Time spent auto-exploring this place.
 F = Levels seen in this place.
 G = Mean time per level.
                   A        B        C        D        E       F      G
               +--------+--------+--------+--------+--------+-----+--------+
         Total |   6117 |   5675 |    442 |     55 |   4279 |  10 |  611.7 |
       Dungeon |   5784 |   5403 |    381 |     55 |   4123 |   8 |  723.0 |
        Temple |     63 |      2 |     61 |      0 |      0 |   1 |   63.0 |
       Ossuary |    269 |    269 |      0 |      0 |    156 |   1 |  269.0 |
               +--------+--------+--------+--------+--------+-----+--------+

Top non-repeatable levels by time:
     D:3: 1013 daAuts
     D:1: 831 daAuts
     D:7: 789 daAuts
     D:5: 778 daAuts
     D:4: 763 daAuts
     D:2: 688 daAuts
     D:6: 605 daAuts
     D:8: 314 daAuts
 Ossuary: 269 daAuts
  Temple: 63 daAuts
